 Dungeon Crawl Stone Soup version 0.28-a0-655-g4eb62b627b (webtiles) character file.

Game seed: 9977533767199609404

1333 dolemite99 the Cleaver (level 8, -6/57 (62) HPs)
             Began as a Hill Orc Chaos Knight on Oct 12, 2021.
             Was a Plaything of Xom.
             Mangled by a wight (13 damage)
             ... on level 6 of the Dungeon.
             The game lasted 00:08:49 (6792 turns).

dolemite99 the Cleaver (Hill Orc Chaos Knight)      Turns: 6792, Time: 00:08:49

HP:   -6/57 (62)    AC: 22    Str: 17    XL:     8   Next: 61%
MP:   8/8           EV:  8    Int: 12    God:    Xom [......]
Gold: 406           SH:  2    Dex:  6    Spells: 7/7 levels left

rFire   . . .      SeeInvis +   a - +0 hand axe (chaos)
rCold   + . .      Faith    .   m - +0 buckler
rNeg    . . .      Spirit   .   k - +6 scale mail "Lowata Sow" {Str+2 Dex-4 SInv}
rPois   .          Reflect  .   r - +1 hat
rElec   .          Harm     .   c - +0 cloak
rCorr   .          Rampage  .   f - +1 pair of gloves
Will    .....      Clarity  +   e - +2 pair of boots
Stlth   ..........              (no amulet)
HPRegen 0.19/turn               (no ring)
MPRegen 0.11/turn               (no ring)

@: hasted, drained, unable to read, very quick
A: iridescent scales 1, see invisible, clarity, cold resistance 1, frail 1, high
mp 1, mutation resistance 1, sense surroundings 1, weak 1, inability to read
while threatened
a: Renounce Religion


You were on level 6 of the Dungeon.
You worshipped Xom.
You were a very special plaything of Xom.
You visited 1 branch of the dungeon, and saw 6 of its levels.

You collected 1367 gold pieces.
You spent 961 gold pieces at shops.

Inventory:

Hand Weapons
 a - a +0 hand axe of chaos (weapon)
 y - a +0 morningstar
Missiles
 i - 239 stones
 p - 17 bolts
 q - 4 poisoned darts (quivered)
Armour
 b - a +2 leather armour
 c - a +0 cloak (worn)
 e - a +2 pair of boots (worn)
 f - a +1 pair of gloves (worn)
 k - the +6 scale mail "Lowata Sow" (worn) {Str+2 Dex-4 SInv}
   (You bought it in a shop on level 1 of the Dungeon)

   Str:       It affects your strength (+2).
   Dex:       It affects your dexterity (-4).
   SInv:      It lets you see invisible.
 l - a +0 scale mail
 m - a +0 buckler (worn)
 r - a +1 hat (worn)
 u - a +0 chain mail
Jewellery
 s - a ring of willpower
 t - a +6 ring of dexterity
 v - an amulet of magic regeneration
Wands
 x - a wand of mindburst (6)
Scrolls
 j - 5 scrolls of teleportation
 w - a scroll of vulnerability
Potions
 d - a potion of brilliance
 g - 3 potions of heal wounds {unknown}
 h - a potion of resistance
 n - a potion of berserk rage {unknown}


   Skills:
 - Level 5.5 Fighting
 - Level 11.3 Axes
 - Level 3.4 Armour
 - Level 0.7 Dodging
 + Level 4.1 Evocations


You had 7 spell levels left.
You didn't know any spells.
Your spell library contained the following spells:

 Spells                   Type           Power      Damage    Failure   Level
 Magic Dart               Conj           0%         1d3       88%         1
 Pain                     Necr           0%         1d4       88%         1
 Sting                    Tmut/Pois      0%         1d3       88%         1
 Call Imp                 Summ           0%         N/A       95%         2
 Poisonous Vapours        Pois/Air       0%         N/A       95%         2
 Mephitic Cloud           Conj/Pois/Air  0%         N/A       99%         3
 Fulminant Prism          Conj/Hex       0%         3d6       100%        4
 Iskenderun's Mystic Bla  Conj/Tloc      0%         2d3       100%        4
 Olgreb's Toxic Radiance  Pois           0%         N/A       100%        4
 Agony                    Necr           0%         N/A       100%        5
 Excruciating Wounds      Necr           0%         N/A       100%        5
 Lee's Rapid Deconstruct  Erth           0%         3d5*      100%        5


Dungeon Overview and Level Annotations

Branches:
Dungeon (6/15)
 Temple: D:4-7

Altars:
Ashenzari
Fedhas
Makhleb
Qazlal
Xom

Shops:
D:1 [!


Innate Abilities, Weirdness & Mutations

You are partially covered in iridescent scales. (AC +2)
You have supernaturally acute eyesight. (SInv)
You possess an exceptional clarity of mind.
Your flesh is cold resistant. (rC+)
You are frail. (-10% HP)
You have an increased reservoir of magic. (+10% MP)
You are somewhat resistant to further mutation.
You passively map a small area around you.
You are weak. (Str -2)
You sometimes lose the ability to read scrolls when taking damage.


Message History

You completely miss the wight.
The wight is heavily damaged.
You hit the wight but do no damage.
The wight easily resists.
You hit the wight but do no damage.
The wight suddenly stops moving!
The wight is heavily damaged.
You hit the wight but do no damage.
The wight hits you with a +1 short sword of distortion.
You feel drained. Space warps horribly around you!
You feel threatened and lose the ability to read scrolls!
You hit the wight but do no damage.
The helpless wight fails to defend itself.
You hit the wight.
The wight easily resists.
The wight barely misses you.
The helpless wight fails to defend itself.
You hit the wight but do no damage.
The wight is severely damaged.
You closely miss the wight. The wight closely misses you.
The helpless wight fails to defend itself.
You hit the wight.
Nothing appears to happen.
The wight is almost destroyed.
You hit the wight but do no damage. The wight hits you but does no damage.
Space warps horribly around you!
* * * LOW HITPOINT WARNING * * *
You hit the wight.
The wight is lightly damaged.
The helpless wight fails to defend itself.
You slash the wight!
You destroy the wight!
You hear the slow rusting of a distant drain.
Your Evocations skill increases to level 4!
You cannot read scrolls in your current state!
Unknown command.
You feel yourself speed up. The wight hits you but does no damage.
Space bends around you.
* * * LOW HITPOINT WARNING * * *
The wight hits you but does no damage.
The wight hits you with a +1 short sword of distortion.
* * * LOW HITPOINT WARNING * * *
You feel drained. Space warps horribly around you!
You die...
Xom thinks this is hilarious!

#z)(zz(..#
#)#####..., * #z###
** 8 * ##...## ,
?.######.###.# *, ∩
8........# #.#####..
..####...###z.......
8 * #.#..z.#######.
* , ..#.#@## *
####.#.# #.# * #.#†#
#.# * * #.#.## #.#
#....## #.#
#.######.###.## #.#
#.......##
##.#####.# ######.##
##.##...####### #.#
#..#......>...


You could see 2 wights.

Vanquished Creatures
  Grinder (D:4)
  A sky beast (D:5)
  An ogre (D:5)
  5 scorpions
  3 wights (D:6)
  A centaur zombie (D:5)
  A jelly (D:4)
  2 orc priests
  A bullfrog skeleton (D:5)
  A centaur skeleton (D:5)
  2 orc wizards (D:5)
  3 iguanas
  2 hound skeletons (D:4)
  3 adders
  A worm (D:2)
  3 dart slugs (D:4)
  6 orcs
  3 ball pythons
  7 bats
  4 endoplasms
  3 giant cockroaches
  7 goblins
  7 hobgoblins
  7 jackals
  4 quokkas
  4 frilled lizards (D:3)
  7 kobolds
  4 rats
94 creatures vanquished.

Vanquished Creatures (others)
  8 fungi (D:4)
8 creatures vanquished.

Grand Total: 102 creatures vanquished

Notes
Turn   | Place    | Note
-------+----------+-------------------------------------------
     0 | D:1      | dolemite99 the Hill Orc Chaos Knight began the quest for
                  | the Orb.
     0 | D:1      | Reached XP level 1. HP: 19/19 MP: 1/1
    27 | D:1      | XOM: divination: magic mapping
   125 | D:1      | Found Agonucra's Distillery.
   130 | D:1      | XOM: potion effect (brilliance)
   134 | D:1      | Reached XP level 2. HP: 19/26 MP: 2/2
   265 | D:1      | Found Gelaojuuva's Antique Armour Boutique.
   301 | D:1      | Reached skill level 5 in Axes
   315 | D:1      | You fall into a shaft and drop 1 floor!
   315 | D:2      | Found a faded altar of an unknown god.
   395 | D:2      | XOM: blink monster(s)
   562 | D:2      | XOM: 8-stop teleportation journey
   566 | D:2      | Reached XP level 3. HP: 28/31 MP: 3/3
   727 | D:1      | Bought a potion of curing for 39 gold pieces
  1132 | D:1      | XOM: give mutations
  1132 | D:1      | Gained mutation: You are dopey. (Int -2) [Xom's mischief]
  1132 | D:1      | Gained mutation: You sometimes lose the ability to read
                  | scrolls when taking damage. [Xom's mischief]
  1132 | D:1      | Gained mutation: Armour fits poorly on your strangely
                  | shaped body. [Xom's mischief]
  1232 | D:2      | Reached skill level 6 in Axes
  1426 | D:2      | XOM: scenery: create altars
  1449 | D:3      | XOM: give mutation
  1449 | D:3      | Gained mutation: You are frail. (-10% HP) [Xom's mischief]
  1492 | D:3      | Found a burning altar of Makhleb.
  1765 | D:3      | XOM: polymorph orc -> rat
  1793 | D:3      | Reached XP level 4. HP: 35/35 MP: 4/4
  1812 | D:3      | XOM: give mutations
  1812 | D:3      | Lost mutation: You are dopey. (Int -2) [Xom's grace]
  1812 | D:3      | Gained mutation: You have an increased reservoir of magic.
                  | (+10% MP) [Xom's grace]
  1967 | D:3      | XOM: 1-stop teleportation journey
  2012 | D:3      | XOM: divination: detect items
  2066 | D:3      | XOM: 2-stop teleportation journey
  2117 | D:3      | XOM: give mutations
  2117 | D:3      | Gained mutation: You are somewhat resistant to further
                  | mutation. [Xom's grace]
  2117 | D:3      | Gained mutation: Your flesh is cold resistant. (rC+) [Xom's
                  | grace]
  2249 | D:3      | XOM: give mutations
  2249 | D:3      | Gained mutation: You have supernaturally acute eyesight.
                  | (SInv) [Xom's grace]
  2249 | D:3      | Gained mutation: Your muscles are strong. (Str +2) [Xom's
                  | grace]
  2249 | D:3      | Gained mutation: You possess an exceptional clarity of
                  | mind. [Xom's grace]
  2574 | D:4      | Reached skill level 7 in Axes
  2621 | D:4      | Noticed a scorpion
  2642 | D:4      | Killed a scorpion
  2643 | D:4      | Reached XP level 5. HP: 13/40 MP: 5/5
  2902 | D:4      | XOM: 1-stop teleportation journey
  2918 | D:4      | Reached skill level 8 in Axes
  2926 | D:4      | XOM: god gift: lumpy pink potion {god gift}
  3007 | D:4      | Noticed Grinder
  3008 | D:4      | XOM: god gift: scroll labelled YCZIMP MUGEJUF {god gift}
  3010 | D:4      | Identified a scroll of acquirement
  3010 | D:4      | Acquired 1145 gold pieces
  3012 | D:4      | Paralysed by Grinder for 5 turns
  3013 | D:4      | XOM: cleaving
  3031 | D:4      | Killed Grinder
  3032 | D:4      | Reached skill level 9 in Axes
  3032 | D:4      | Reached XP level 6. HP: 18/45 MP: 6/6
  3611 | D:1      | Bought a pair of glowing gloves for 165 gold pieces
  3683 | D:1      | Bought a potion of curing for 39 gold pieces
  3683 | D:1      | Bought a potion of haste for 130 gold pieces
  3683 | D:1      | Bought a potion of haste for 130 gold pieces
  3683 | D:1      | Bought a potion of haste for 130 gold pieces
  3683 | D:1      | Bought a potion of resistance for 130 gold pieces
  3752 | D:5      | Entered Level 5 of the Dungeon
  3759 | D:4      | XOM: god gift: dagger {god gift}
  4322 | D:4      | XOM: give mutations
  4322 | D:4      | Gained mutation: You are partially covered in iridescent
                  | scales. (AC +2) [Xom's grace]
  4322 | D:4      | Gained mutation: You passively map a small area around you.
                  | [Xom's grace]
  4335 | D:4      | Reached skill level 10 in Axes
  4335 | D:4      | Reached XP level 7. HP: 35/51 MP: 7/7
  4930 | D:5      | XOM: summons 1 hostile demon
  5048 | D:5      | Reached skill level 11 in Axes
  5133 | D:5      | XOM: give mutations
  5133 | D:5      | Lost mutation: Your muscles are strong. (Str +2) [Xom's
                  | mischief]
  5133 | D:5      | Gained mutation: You are weak. (Str -2) [Xom's mischief]
  5133 | D:5      | Lost mutation: You possess an exceptional clarity of mind.
                  | [Xom's mischief]
  5277 | D:5      | Found a blossoming altar of Fedhas.
  5287 | D:5      | Found a broken altar of Ashenzari.
  5522 | D:5      | XOM: give mutations
  5522 | D:5      | Lost mutation: Armour fits poorly on your strangely shaped
                  | body. [Xom's mischief]
  5522 | D:5      | Gained mutation: You possess an exceptional clarity of
                  | mind. [Xom's mischief]
  5986 | D:1      | Bought a crude scale mail for 198 gold pieces
  5986 | D:1      | Identified the +6 scale mail "Lowata Sow" {Str+2 Dex-4
                  | SInv} (You bought it in a shop on level 1 of the Dungeon)
  6147 | D:5      | Reached skill level 5 in Fighting
  6147 | D:5      | Reached XP level 8. HP: 62/62 MP: 8/8
  6449 | D:5      | Found a stormy altar of Qazlal.
  6610 | D:6      | Reached skill level 1 in Evocations
  6767 | D:6      | XOM: chaos upgrade
  6792 | D:6      | Mangled by a wight

Illustrated notes

Levels and vault maps discovered:
D:1:      denvon_arrival_planthouse, layout_basic, serial_shops, shop,
          nicolae_shop_trees
D:2:      layout_rooms, ebering_ecumenical_altar_box
D:3:      layout_loops_cross, lightli_temple_of_fire, feat_on_display
D:4:      layout_basic, serial_aquarium, aquarium_bridge_square
          [aquarium_subvault_window, aquarium_subvault_bridge,
          aquarium_subvault_wall, aquarium_subvault_wall], aquarium_window_fake,
          aquarium_window_fake, aquarium_window_2, aquarium_window_fake,
          aquarium_view_2a, aquarium_balcony_3a, aquarium_pool_corner,
          uniq_grinder
D:5:      layout_basic, mainiacjoe_overflow_six_doors_small,
          mainiacjoe_overflow_catwalk_spiral
D:6:      minmay_opposing_rooms, layout_loops_ring, portal_sewer_entry_c,
          serial_shops, nicolae_shop_temple_entry_statues_fountains

Skill      XL: |  1  2  3  4  5  6  7  8 |
---------------+-------------------------+-----
Axes           | 5 6 7 9 10 11 | 11.3
Armour         | 3 |  3.4
Fighting       | 5 |  5.5
Evocations     | 4 |  4.1
Dodging        | |  0.7

Action                   |  1- 3 |  4- 6 |  7- 9 || total
-------------------------+-------+-------+-------++-------
Melee: Hand axe          |   121 |    84 |   188 ||   393
Throw: Stone             |    12 |    21 |       ||    33
       Dart              |       |       |    21 ||    21
  Use: Scroll            |     2 |     5 |       ||     7
       Potion            |       |     3 |     5 ||     8
 Stab: Paralysed         |       |     1 |     4 ||     5
       Petrified         |       |     5 |       ||     5
Armor: Leather armour    |    57 |     2 |       ||    59
       Scale mail        |       |    29 |    79 ||   108
Dodge: Dodged            |    73 |    35 |    65 ||   173
Block: Buckler           |       |    10 |    10 ||    20

Table legend: (Time is in decaauts)
 A = Elapsed time spent in this place.
 B = Non-inter-level travel time spent in this place.
 C = Inter-level travel time spent in this place.
 D = Time resting spent in this place.
 E = Time spent auto-exploring this place.
 F = Levels seen in this place.
 G = Mean time per level.
                   A        B        C        D        E       F      G
               +--------+--------+--------+--------+--------+-----+--------+
         Total |   6754 |   6097 |    657 |   2118 |   2911 |   6 | 1125.7 |
       Dungeon |   6754 |   6097 |    657 |   2118 |   2911 |   6 | 1125.7 |
               +--------+--------+--------+--------+--------+-----+--------+

Top non-repeatable levels by time:
     D:4: 2328 daAuts
     D:5: 1524 daAuts
     D:3: 1050 daAuts
     D:1: 1036 daAuts
     D:2: 610 daAuts
     D:6: 203 daAuts
